 Dungeon Crawl Stone Soup version 0.31-a0-233-g139696dc86 (webtiles) character file.

Game seed: 8054097577170703311

107907 Morbidden the Severer (level 16, -5/100 HPs)
             Began as a Gargoyle Fighter on July 8, 2023.
             Was the Champion of Cheibriados.
             Killed from afar by a will-o-the-wisp (35 damage)
             ... with a foxfire
             ... on level 1 of the Swamp.
             The game lasted 00:36:34 (25631 turns).

Morbidden the Severer (Gargoyle Fighter)           Turns: 25631, Time: 00:36:35

Health: -5/100     AC: 35    Str: 36    XL:     16   Next: 48%
Magic:  0/35       EV: 18    Int: 31    God:    Cheibriados [******]
Gold:   1155       SH:  9    Dex: 33    Spells: 17/29 levels left

rFire   x . .        a - +7 broad axe (flame)
rCold   + + .        c - +0 buckler
rNeg    + . .        W - +4 ice dragon scales of Quyps {rF- rC++ Dex+3}
rPois   ∞            I - +0 helmet
rElec   +            D - +2 cloak {Stlth+}
rCorr   .            q - +0 pair of gloves
SInv    .            (no boots)
Will    +....        R - amulet of guardian spirit
Stlth   +++          L - +6 ring of dexterity
HPRegen 0.36/turn    C - ring of magical power
MPRegen 0.24/turn

%: guardian spirit
@: flying, studying Fire Magic, very slow
A: sickness immunity, AC +12, big wings, negative energy resistance 1,
electricity resistance, torment resistance 1, petrification resistance
a: Renounce Religion, Bend Time, Temporal Distortion, Slouch, Step From Time


You were on level 1 of the Swamp.
You worshipped Cheibriados.
Cheibriados was exalted by your worship.
You visited 4 branches of the dungeon, and saw 23 of its levels.
You also visited: Sewer and Ice Cave.

You collected 3044 gold pieces.
You spent 1889 gold pieces at shops.

Inventory:

Hand Weapons
 a - a +7 broad axe of flaming (weapon)
 T - a +2 eveningstar
Missiles
 y - 8 curare-tipped darts
 E - 11 boomerangs
 F - 11 javelins (quivered)
Armour
 c - a +0 buckler (worn)
 j - a +0 plate armour of willpower
 k - the +1 ring mail of the Mackerel {rF+++ rC- SInv Stlth-}
   (You found it in an ice cave)

   rF:        It renders you almost immune to fire.
   rC:        It makes you vulnerable to cold.
   SInv:      It lets you see invisible.
   Stlth:     It makes you less stealthy.
 q - a +0 pair of gloves (worn)
 D - a +2 cloak of stealth (worn)
 I - a +0 helmet (worn)
 W - the +4 ice dragon scales of Quyps (worn) {rF- rC++ Dex+3}
   (You found it in an ice cave)

   Dex:       It affects your dexterity (+3).
   rF:        It makes you vulnerable to fire.
   rC:        It greatly protects you from cold.
Jewellery
 C - a ring of magical power (right hand)
 L - a +6 ring of dexterity (left hand)
 O - an amulet of the acrobat
 R - an amulet of guardian spirit (around neck)
Wands
 u - a wand of light (7)
 z - a wand of iceblast (21)
 G - a wand of digging (9)
 H - a wand of charming (26)
 M - a wand of flame (34)
 Y - a wand of mindburst (20)
Scrolls
 b - a scroll of immolation
 e - 9 scrolls of teleportation
 m - 3 scrolls of blinking
 r - 2 scrolls of fog
 s - a scroll of revelation
 x - 5 scrolls of fear
 A - 2 scrolls of enchant armour
 B - 6 scrolls of amnesia
 J - 4 scrolls of vulnerability
 Q - a scroll of silence
 V - 8 scrolls of identify
 X - a scroll of butterflies
Potions
 d - 3 potions of might
 f - 3 potions of attraction
 g - 4 potions of enlightenment
 h - 4 potions of haste
 i - a potion of lignification
 l - 2 potions of berserk rage
 o - a potion of magic
 p - 5 potions of heal wounds
 t - 2 potions of resistance
 v - 7 potions of curing
 w - a potion of cancellation
 N - 3 potions of ambrosia
 P - 3 potions of mutation
 U - a potion of brilliance
 Z - 2 potions of invisibility
Miscellaneous
 n - a phantom mirror
 K - a lightning rod (4/4)
 S - a condenser vane (inert)


   Skills:
 * Level 11.3 Fighting
 * Level 15.0(15.8) Axes
 * Level 9.1(13.8) Maces & Flails
 - Level 0.7 Throwing
 * Level 10.4 Armour
 * Level 6.9 Dodging
 + Level 2.4 Stealth
 * Level 9.6 Shields
 * Level 7.2 Spellcasting
 * Level 6.6 Fire Magic
 * Level 1.1 Air Magic
 * Level 8.6 Invocations
 * Level 5.8 Evocations


You had 17 spell levels left.
You knew the following spells:

 Your Spells              Type           Power      Damage    Failure   Level
a - Airstrike             Air            9%         2d(2-18)  47%         4
b - Ignition              Fire           25%        3d9       100%        8

Your spell library contained the following spells:

 Spells                   Type           Power      Damage    Failure   Level
 Static Discharge         Conj/Air       28%        2-4/arc   11%         2
 Call Imp                 Summ           22%        N/A       13%         2
 Confusing Touch          Hex            11%        N/A       26%         3
 Frozen Ramparts          Ice            22%        1d4       26%         3
 Hailstorm                Conj/Ice       11%        3d5       26%         3
 Summon Lightning Spire   Summ/Air       14%        N/A       56%         4
 Ice Form                 Ice/Tmut       11%        N/A       65%         4
 Olgreb's Toxic Radiance  Pois           11%        N/A       65%         4
 Summon Mana Viper        Hex/Summ       11%        N/A       94%         5
 Simulacrum               Ice/Necr       5%         N/A       100%        6
 Discord                  Hex            5%         N/A       100%        8
 Polar Vortex             Ice            5%         N/A       100%        9


Dungeon Overview and Level Annotations

Branches:
Dungeon (15/15)            Temple (0/1) D:5            Lair (5/5) D:11
  Swamp (1/4) Lair:3       Spider (0/4) Lair:3        Slime (0/5) Lair:5
    Orc (2/2) D:9             Elf (0/3) Orc:2        Vaults (0/5) D:14
 Depths (0/4) D:15          Sewer (visited)           IceCv (visited)

Altars:
Cheibriados
Elyvilon
Hepliaklqana
Okawaru
Xom
Yredelemnul
Zin
The Shining One
Lugonu

Shops:
D:3 (   Orc:1 **:   Orc:2 *(:**

Portals:
Abyss: Lair:5

Annotations:
D:6 4 runed translucent doors, Edmund, Prince Ribbit


Innate Abilities, Weirdness & Mutations

You are immune to sickness and miasma.
Your stone body is resilient. (AC +12)
You are immune to poison.
Your large and strong wings let you fly.
You resist negative energy. (rN+)
You are resistant to electric shocks. (rElec)
You are resistant to unholy torment.
You are immune to petrification.


Message History

The will-o-the-wisp is almost destroyed.
You barely miss the foxfire.
You catch the helpless foxfire completely off-guard!
You slice the foxfire!! The foxfire hits you! The fire burns you terribly!
The foxfire hits you but does no damage.
The will-o-the-wisp engulfs you but does no damage.
You are too injured to fight recklessly!
Unknown command.
You are too injured to fight recklessly!
Unknown command.
You are too injured to fight recklessly!
Unknown command.
You are too injured to fight recklessly!
Unknown command.
Unknown command.
You are too injured to fight recklessly!
You are too injured to fight recklessly!
You closely miss the will-o-the-wisp.
The will-o-the-wisp is almost destroyed.
A bog body comes into view.
The will-o-the-wisp gestures.
The will-o-the-wisp conjures some foxfire! 2 foxfires come into view.
Unknown command.
You barely miss the will-o-the-wisp.
The will-o-the-wisp is almost destroyed.
You hit the eleionoma. You burn the eleionoma. You hit the foxfire.
The foxfire hits you. The fire burns you terribly!
The foxfire hits you but does no damage.
The eleionoma hits you but does no damage.
The will-o-the-wisp gestures.
The will-o-the-wisp conjures some foxfire! 2 foxfires come into view.
You closely miss the will-o-the-wisp.
The will-o-the-wisp is almost destroyed.
You slash the foxfire! You closely miss the eleionoma. You slash the foxfire!
The foxfire hits you!! The fire burns you terribly!
* * * LOW HITPOINT WARNING * * *
The foxfire hits you!!! The fire burns you terribly!
You die...

~. ~. .♣
.~♣♣♣
.♣.~♣♣
.~.~.
♣♣♣R§♣
♣♣♣♣♣.@v§♣
♣....~§v♣♣
♣..<.~~.♣
♣.♣...~♣♣
♣ ♣~...♣
♣♣§?.♣
.§$.~.
~/~..♣.♣
.....♣♣


You could see an eleionoma and a will-o-the-wisp.

Vanquished Creatures
  2 azure jellies (IceCv)
  An orc warlord (D:13)
  3 hydras
  A spriggan zombie (D:15)
  A catoblepas (Lair:4)
  4 ogre magi (Orc:2)
  14 two-headed ogres
  3 boulder beetles
  5 centaur warriors
  2 tengu warriors (D:13)
  2 orc high priests
  3 thrashing horrors (Lair:5)
  Urug (Lair:3)
  2 skysharks
  Amaemon (Lair:1)
  Sonja (Orc:1)
  Lodul (D:13)
  4 skeletal warriors
  A necromancer (D:15)
  4 orc knights
  Pikel (D:6)
  A phantasmal warrior (D:15)
  4 deep elf pyromancers
  A stone giant zombie (D:15)
  A frost giant zombie (D:15)
  6 cyclopes
  5 ugly things
  3 manticores
  3 orc sorcerers
  A stone giant skeleton (D:15)
  10 elephants
  2 ice statues (IceCv)
  5 black mambas
  4 smoke demons (Lair:5)
  2 gargoyles
  4 rime drakes
  10 cane toads
  2 unseen horrors
  A torpor snail (shapeshifter) (D:13)
  3 kobold demonologists
  11 komodo dragons
  An efreet (D:15)
  An orange demon (Lair:1)
  3 ancient zymes (Lair:5)
  A guardian mummy (D:15)
  5 trolls
  6 meliai
  A queen bee (shapeshifter) (Lair:5)
  A polar bear (shapeshifter) (D:12)
  2 polar bears (Lair:2)
  37 blink frogs
  4 hornets
  A raiju (shapeshifter) (D:13)
  2 jumping spiders (Lair:3)
  Grinder (D:6)
  33 slime creatures
  3 culicivoras (Lair:3)
  A shadow (D:12)
  Sigmund (D:3)
  2 wraiths (D:13)
  A yak (shapeshifter) (Lair:5)
  10 wyverns
  5 basilisks
  5 fire bats (D:7)
  Eustachio (D:5)
  2 large abominations (Lair:5)
  51 yaks
  A redback (Lair:3)
  5 wargs
  A warg (shapeshifter) (Lair:5)
  3 swamp worms (Lair:3)
  An acid dragon (D:9)
  Menkaure (D:4)
  A hell hound (D:7)
  16 water moccasins
  3 ice beasts
  8 great orb of eyes simulacra (IceCv)
  11 small abominations (Lair:5)
  5 sky beasts
  A black bear (D:6)
  30 orc warriors
  38 ogres
  9 wolves
  7 centaurs
  2 lemures (D:6)
  2 phantoms (D:5)
  5 kobold brigands
  6 slime creature simulacra (IceCv)
  19 bullfrogs
  2 gnoll sergeants (D:9)
  8 scorpions
  8 wights
  10 killer bees
  12 electric eels
  3 howler monkeys
  4 hounds
  Crazy Yiuf (D:6)
  8 jellies
  12 orc priests
  4 gnoll boudas
  Jessica (D:2)
  A sleepcap (D:4)
  A shapeshifter simulacrum (IceCv)
  16 orc wizards
  9 iguanas
  Robin (D:4)
  14 adders
  21 gnolls
  3 shadow imps (D:6)
  An ufetubus (D:4)
  2 worms (D:2)
  2 dart slugs
  61 orcs
  5 ball pythons
  5 bats (D:1)
  7 endoplasms
  14 giant cockroaches
  13 goblins
  8 hobgoblins
  10 jackals
  5 quokkas
  14 frilled lizards
  15 kobolds
  8 rats
  A butterfly (Lair:1)
802 creatures vanquished.

Vanquished Creatures (others)
  A slime creature (IceCv)
  An orc wizard (D:8)
  An orc (D:8)
  2 hobgoblins (D:4)
  9 foxfires (Swamp:1)
14 creatures vanquished.

Grand Total: 816 creatures vanquished

Notes
Turn   | Place    | Note
-------+----------+-------------------------------------------
     0 | D:1      | Morbidden the Gargoyle Fighter began the quest for the Orb.
     0 | D:1      | Reached XP level 1. HP: 14/14 MP: 1/1
   116 | D:1      | Reached XP level 2. HP: 19/19 MP: 2/2
   616 | D:2      | Reached XP level 3. HP: 23/23 MP: 3/3
   626 | D:2      | Noticed Jessica
   630 | D:2      | Killed Jessica
   734 | D:2      | Found a white marble altar of Elyvilon.
   838 | D:2      | Reached XP level 4. HP: 29/29 MP: 5/5
   978 | D:2      | Found a faded altar of an unknown god.
  1933 | D:3      | Reached skill level 1 in Dodging
  2131 | D:3      | Noticed Sigmund
  2149 | D:3      | Killed Sigmund
  2150 | D:3      | Reached skill level 1 in Axes
  2150 | D:3      | Reached skill level 1 in Spellcasting
  2150 | D:3      | Reached XP level 5. HP: 21/33 MP: 6/6
  2150 | D:3      | Reached XP level 6. HP: 24/38 MP: 7/7
  2239 | D:3      | Found Jiylezeag's Antique Weapon Shoppe.
  2274 | D:3      | Found a snail-covered altar of Cheibriados.
  2274 | D:3      | Found an iron altar of Okawaru.
  2435 | D:3      | Became a worshipper of Cheibriados the Contemplative
  2776 | D:4      | Noticed Menkaure
  2784 | D:4      | Killed Menkaure
  2837 | D:4      | Found a glowing drain.
  2870 | Sewer    | Entered a sewer
  2898 | Sewer    | Reached XP level 7. HP: 43/43 MP: 9/9
  3022 | Sewer    | Reached * piety under Cheibriados
  3298 | Sewer    | Reached skill level 5 in Maces & Flails
  3298 | Sewer    | Reached skill level 1 in Invocations
  3300 | Sewer    | Identified the +6 battleaxe "Uleopsua" {protect, Fragile
                  | rElec rPois Int+4}
  3549 | D:4      | Noticed Robin
  3564 | D:4      | Killed Robin
  3855 | D:4      | Reached ** piety under Cheibriados
  3856 | D:4      | Reached skill level 2 in Axes
  3881 | D:4      | Reached XP level 8. HP: 48/48 MP: 11/11
  3988 | D:3      | Bought a glowing broad axe for 140 gold pieces
  4058 | D:4      | Reached skill level 3 in Axes
  4200 | D:4      | Got Yplyegea's Octavo of Frozen Ill Luck
  4655 | D:5      | Entered Level 5 of the Dungeon
  4659 | D:5      | Noticed Eustachio
  4690 | D:5      | Killed Eustachio
  4758 | D:5      | Found a basalt altar of Yredelemnul.
  4797 | D:5      | Found a staircase to the Ecumenical Temple.
  4826 | D:5      | Reached skill level 5 in Armour
  4875 | D:5      | Reached skill level 5 in Fighting
  4881 | D:5      | Reached skill level 4 in Axes
  4950 | D:5      | Reached *** piety under Cheibriados
  5113 | D:5      | Reached skill level 5 in Shields
  5205 | D:5      | Reached XP level 9. HP: 50/54 MP: 12/12
  5406 | D:5      | Reached skill level 5 in Axes
  5434 | D:5      | Found a shimmering altar of Xom.
  5521 | D:6      | Reached **** piety under Cheibriados
  5725 | D:6      | Noticed Pikel
  5730 | D:6      | Killed Pikel
  5731 | D:6      | Reached skill level 6 in Axes
  5731 | D:6      | Reached skill level 1 in Evocations
  6023 | D:6      | Learned a level 8 spell: Ignition
  6160 | D:6      | Found a large runed translucent door.
  6160 | D:6      | Found a large runed translucent door.
  6181 | D:6      | Found a large runed translucent door.
  6181 | D:6      | Found a large runed translucent door.
  6182 | D:6      | Noticed a komodo dragon
  6182 | D:6      | Noticed a two-headed ogre
  6182 | D:6      | Noticed Prince Ribbit
  6182 | D:6      | Noticed Edmund
  6206 | D:6      | Noticed Grinder
  6214 | D:6      | Paralysed by Grinder for 5 turns
  6220 | D:6      | Killed Grinder
  6221 | D:6      | Reached XP level 10. HP: 33/60 MP: 14/14
  6228 | D:6      | Reached skill level 7 in Axes
  6232 | D:6      | Noticed a gargoyle
  6235 | D:6      | Killed a gargoyle
  6235 | D:6      | Reached ***** piety under Cheibriados
  6923 | D:6      | Found a runed translucent door.
  6924 | D:6      | Noticed Crazy Yiuf
  6965 | D:6      | Killed Crazy Yiuf
  7039 | D:7      | Reached skill level 1 in Fire Magic
  7100 | D:7      | Noticed a gargoyle
  7110 | D:7      | Killed a gargoyle
  7372 | D:7      | Found a transporter.
  7563 | D:7      | Found a transporter.
  7584 | D:7      | Reached skill level 8 in Axes
  7837 | D:8      | Reached XP level 11. HP: 62/66 MP: 16/16
  8533 | D:9      | Reached ****** piety under Cheibriados
  8640 | D:9      | Noticed a two-headed ogre
  8646 | D:9      | Killed a two-headed ogre
  8647 | D:9      | Reached skill level 9 in Axes
  8760 | D:9      | Found a staircase to the Orcish Mines.
  8971 | D:9      | Found a hazy altar of Hepliaklqana.
  9083 | D:9      | Noticed a sixfirhy
  9709 | D:10     | Entered Level 10 of the Dungeon
 10020 | D:10     | Noticed a two-headed ogre
 10024 | D:10     | Killed a two-headed ogre
 10278 | D:10     | Noticed a two-headed ogre
 10281 | D:10     | Killed a two-headed ogre
 10332 | D:10     | Noticed a deep elf pyromancer
 10338 | D:10     | Killed a deep elf pyromancer
 11100 | D:10     | Found a glowing silver altar of Zin.
 11214 | D:11     | Found a frozen archway.
 11223 | IceCv    | Entered an ice cave
 11357 | IceCv    | Reached skill level 5 in Invocations
 11358 | IceCv    | Reached XP level 12. HP: 66/72 MP: 18/18
 12157 | IceCv    | Reached skill level 10 in Axes
 12306 | IceCv    | Noticed an azure jelly
 12313 | IceCv    | Killed an azure jelly
 12573 | IceCv    | Found a viscous altar of Jiyva.
 12577 | IceCv    | Noticed an azure jelly
 12587 | IceCv    | Killed an azure jelly
 12660 | IceCv    | Identified the +1 ring mail of the Mackerel {rF+++ rC- SInv
                  | Stlth-}
 12665 | IceCv    | Identified the +4 ice dragon scales of Quyps {rF- rC++
                  | Dex+3}
 13034 | D:11     | Found a staircase to the Lair.
 13625 | Lair:1   | Entered Level 1 of the Lair of Beasts
 13675 | Lair:1   | Noticed Amaemon
 13683 | Lair:1   | Killed Amaemon
 13684 | Lair:1   | Reached skill level 11 in Axes
 13690 | Lair:1   | Reached XP level 13. HP: 64/78 MP: 20/20
 13700 | Lair:1   | Reached skill level 5 in Spellcasting
 14783 | Lair:2   | Reached skill level 5 in Dodging
 15765 | Lair:3   | Reached skill level 12 in Axes
 15932 | Lair:3   | Found a hole to the Spider Nest.
 16170 | Lair:3   | Gained mutation: Your large and strong wings let you fly.
                  | [Gargoyle growth]
 16170 | Lair:3   | Reached XP level 14. HP: 76/86 MP: 22/22
 16530 | Lair:3   | Noticed Urug
 16539 | Lair:3   | Killed Urug
 16789 | Lair:3   | Found a staircase to the Swamp.
 17068 | Lair:4   | Identified the +5 leather armour of the Muttering Gods {rN+
                  | rCorr}
 18139 | Lair:5   | Entered Level 5 of the Lair of Beasts
 18253 | Lair:5   | Reached skill level 1 in Stealth
 18259 | Lair:5   | Reached skill level 13 in Axes
 18353 | Lair:5   | Reached skill level 5 in Fire Magic
 18428 | Lair:5   | Found a staircase to the Slime Pits.
 18639 | Lair:5   | Reached skill level 10 in Fighting
 19039 | Lair:5   | Reached XP level 15. HP: 73/92 MP: 24/24
 19094 | Lair:5   | Found a corrupted altar of Lugonu.
 19094 | Lair:5   | Found a one-way gate to the infinite horrors of the Abyss.
 19103 | Lair:5   | Identified the +0 shortbow of Somewhere Else {antimagic,
                  | rC- Str+2 Dex+6 SInv}
 19112 | Lair:5   | Got the Almanac of Creation
 19975 | D:12     | Reached skill level 5 in Evocations
 20073 | D:12     | Identified the +0 pair of gloves of a bailey {Rampage rF+}
 20791 | D:13     | Noticed Lodul
 20804 | D:13     | Killed Lodul
 20842 | D:13     | Noticed an orc warlord
 20853 | D:13     | Killed an orc warlord
 20877 | D:13     | Reached skill level 14 in Axes
 21058 | D:13     | Reached skill level 10 in Armour
 22235 | D:14     | Found a gate to the Vaults.
 22286 | D:14     | Found a glowing golden altar of the Shining One.
 22447 | D:14     | Identified the +10 trident "Jeoci" {chaos, Drain rElec
                  | rPois Str-4}
 22887 | D:15     | Entered Level 15 of the Dungeon
 23146 | D:15     | Found a staircase to the Depths.
 23494 | D:15     | Reached XP level 16. HP: 100/100 MP: 26/26
 24263 | Orc:1    | Entered Level 1 of the Orcish Mines
 24443 | Orc:1    | Found Cebripn's General Store.
 24444 | Orc:1    | Noticed a walking frostbound tome
 24446 | Orc:1    | Found Nemoaqud's Book Boutique.
 24448 | Orc:1    | Noticed a walking frostbound tome
 24454 | Orc:1    | Bought a scroll of enchant weapon for 105 gold pieces
 24465 | Orc:1    | Bought a book of Storms for 364 gold pieces
 24470 | Orc:1    | Learned a level 4 spell: Airstrike
 24684 | Orc:2    | Entered Level 2 of the Orcish Mines
 24732 | Orc:2    | Reached skill level 15 in Axes
 24733 | Orc:2    | Found Mezot's Book Shoppe.
 24733 | Orc:2    | Found Jeusuo's Assorted Antiques.
 24735 | Orc:2    | Found Menusk's General Store.
 24735 | Orc:2    | Found Mimnutwa's Weapon Shoppe.
 24756 | Orc:2    | Reached skill level 1 in Air Magic
 24842 | Orc:2    | Found Syosh's CLEARANCE SALE!.
 25024 | Orc:2    | Found a staircase to the Elven Halls.
 25265 | Orc:1    | Noticed Sonja
 25273 | Orc:1    | Killed Sonja
 25354 | Orc:1    | Found Jill's Assorted Antiques.
 25366 | Orc:1    | Bought a thin filigree amulet for 160 gold pieces
 25461 | Orc:1    | Bought a manual of Fire Magic for 1120 gold pieces
 25621 | Swamp:1  | Entered Level 1 of the Swamp
 25631 | Swamp:1  | Killed from afar by a will-o-the-wisp

Illustrated notes

Levels and vault maps discovered:
D:1:      dpeg_arrival_rooms_c, layout_loops_ring
D:2:      layout_loops_ring, basic_altar,
          shapermc_ecumenical_altar_totnotflames, nicolae_hexahallways,
          minmay_lizard_king, uniq_jessica
D:3:      layout_basic, amethyst_overflow_temple_binary, serial_shops,
          nicolae_shop_crystal, uniq_sigmund
D:4:      minmay_diamond_boxcup, layout_loops_ring, gup_sewer_entry_glass,
          minmay_pentomino_pile, uniq_robin, uniq_menkaure
D:5:      layout_basic, lemuel_round_altar, tgw_xom, temple_fountains,
          uniq_eustachio
D:6:      layout_loops_ring, grunt_ministairs_1, minmay_hollow_rounded_squares,
          uniq_pikel, uniq_prince_ribbit1, uniq_grinder, uniq_edmund,
          uniq_crazy_yiuf_cottage
D:7:      gammafunk_cloud_chamber, layout_rooms
D:8:      layout_loops_ring, serial_bayou_lagoon_a
D:9:      layout_basic, worldfamousw_hep_ancestral_shrine, hangedman_decor_push,
          hangedman_corner_corridor
D:10:     layout_layer_cave, zin_treasury, serial_bayou, serial_bayou_shore_b,
          serial_bayou_pond_a, serial_bayou_pond_d, serial_bayou_lagoon_b
D:11:     layout_small_grid, minmay_lair_entry_grove,
          portal_ice_cave_entry_pillars_2
D:12:     layout_small_grid
D:13:     orc_temple, layout_rooms, uniq_lodul
D:14:     nicolae_hitomezashi [nicolae_hito_row, nicolae_hito_row,
          nicolae_hito_row, nicolae_hito_row, nicolae_hito_row,
          nicolae_hito_row, nicolae_hito_row, nicolae_hito_row,
          nicolae_hito_row, nicolae_hito_row, nicolae_hito_row,
          nicolae_hito_row, nicolae_hito_row, nicolae_hito_row,
          nicolae_hito_row, nicolae_hito_row, nicolae_hito_row,
          nicolae_hito_row], layout_grid_maze, tso_metal_star
D:15:     gammafunk_depths_entry_grave, layout_cave_pods,
          minmay_misc_feat_nine_boxes
Lair:1:   layout_layer_cave, cheibrodos_lair_caveside_slide, grunt_megastairs_5,
          serial_bayou_shore_b, lemuel_fruit_fields, uniq_amaemon
Lair:2:   layout_small_grid
Lair:3:   layout_misc_corridors, nicolae_swamp_entry_splash_gauntlet,
          nicolae_spider_entry_tight_spaces, uniq_urug
Lair:4:   layout_cave_pods
Lair:5:   hellmonk_lair_end_abyssal_woods, layout_gridlike, slime_entry_1,
          minivault_26, grunt_megastairs_2, serial_bayou_shore_a
Swamp:1:  layout_basic_swamp, hangedman_swamp_lotus, uniq_donald
Orc:1:    layout_caves, serial_shops, nicolae_shop_statue_plus, shop,
          nicolae_shop_mannequins, uniq_sonja
Orc:2:    st_orc_ogre_mass, layout_caves, basic_altar, nicolae_shop_clearance

Skill      XL: |  1  2  3  4  5  6  7  8  9 10 11 12 13 14 15 16 |
---------------+-------------------------------------------------+-----
Dodging        | 1 2 3 4 5 6 |  6.9
Axes           | 1 2 4 6 8 9 11 12 13 14 15 | 15.0
Maces & Flails | 4 5 6 7 8 9 |  9.1
Shields        | 4 5 6 7 8 9 |  9.6
Spellcasting   | 1 2 3 4 5 6 7 |  7.2
Fighting       | 4 5 6 7 8 9 10 11 | 11.3
Armour         | 4 5 6 7 8 9 10 | 10.4
Invocations    | 1 3 4 5 6 7 8 |  8.6
Evocations     | 1 2 3 4 5 |  5.8
Fire Magic     | 2 3 4 5 6 |  6.6
Stealth        | 1 2 |  2.4
Air Magic      | 1 |  1.1
Throwing       | |  0.7

Action                     |  1- 3 |  4- 6 |  7- 9 | 10-12 | 13-15 | 16-18 || total
---------------------------+-------+-------+-------+-------+-------+-------++-------
  Melee: Flail             |    83 |   101 |    92 |       |       |       ||   276
         Battleaxe         |       |       |   247 |   433 |   271 |       ||   951
         Broad axe         |       |       |       |       |   655 |   180 ||   835
  Throw: Dart              |       |     4 |     7 |       |       |       ||    11
         Throwing net      |       |       |     1 |       |       |       ||     1
         Boomerang         |       |       |       |    24 |     3 |       ||    27
         Javelin           |       |       |       |       |    12 |     7 ||    19
   Cast: Airstrike         |       |       |       |       |       |     1 ||     1
 Invoke: Slouch            |       |       |       |     5 |     6 |     1 ||    12
  Evoke: Wand              |       |       |       |     9 |     3 |       ||    12
         Lightning rod     |       |       |       |     5 |     4 |       ||     9
         Condenser vane    |       |       |       |     1 |     2 |     1 ||     4
    Use: Potion            |       |     1 |     1 |     3 |     1 |       ||     6
         Scroll            |       |     6 |     3 |    17 |     7 |     2 ||    35
   Stab: Invisible         |       |       |       |     1 |       |       ||     1
         Sleeping          |       |       |       |       |     5 |     2 ||     7
         Distracted        |       |       |       |       |     1 |     1 ||     2
         Confused          |       |       |       |       |       |     2 ||     2
 Armour: Scale mail        |    47 |    58 |       |       |       |       ||   105
         Chain mail        |       |       |   288 |   106 |       |       ||   394
         Plate armour      |       |       |       |   385 |       |       ||   385
         Ice dragon scales |       |       |       |    65 |   585 |    72 ||   722
  Dodge: Dodged            |    50 |    67 |   214 |   409 |   703 |   111 ||  1554
  Block: Buckler           |    20 |    25 |    28 |       |   262 |    78 ||   413

Table legend: (Time is in decaauts)
 A = Elapsed time spent in this place.
 B = Non-inter-level travel time spent in this place.
 C = Inter-level travel time spent in this place.
 D = Time resting spent in this place.
 E = Time spent auto-exploring this place.
 F = Levels seen in this place.
 G = Mean time per level.
                   A        B        C        D        E       F      G
               +--------+--------+--------+--------+--------+-----+--------+
         Total |  38708 |  36141 |   2567 |   2182 |  27652 |  25 | 1548.3 |
       Dungeon |  23552 |  21830 |   1722 |   1130 |  17362 |  15 | 1570.1 |
          Lair |  10277 |   9742 |    535 |      0 |   8093 |   5 | 2055.4 |
         Swamp |     12 |     12 |      0 |      0 |      0 |   1 |   12.0 |
  Orcish Mines |   2070 |   1762 |    308 |      0 |   1373 |   2 | 1035.0 |
         Sewer |    890 |    890 |      0 |    100 |    500 |   1 |  890.0 |
      Ice Cave |   1906 |   1906 |      0 |    952 |    323 |   1 | 1906.0 |
               +--------+--------+--------+--------+--------+-----+--------+

Top non-repeatable levels by time:
    D:10: 2514 daAuts
  Lair:5: 2240 daAuts
  Lair:3: 2185 daAuts
     D:6: 2118 daAuts
     D:9: 2072 daAuts
  Lair:4: 2070 daAuts
    D:14: 1970 daAuts
  Lair:2: 1956 daAuts
    D:15: 1952 daAuts
   IceCv: 1906 daAuts
  Lair:1: 1824 daAuts
    D:13: 1810 daAuts
    D:11: 1630 daAuts
     D:4: 1510 daAuts
    D:12: 1465 daAuts
